 Dungeon Crawl Stone Soup version 0.23.0 (webtiles) character file.

Game seed: 13251712911875384364

109 night the Ruffian (level 4, -3/33 HPs)
             Began as a Demonspawn Gladiator on Feb 10, 2019.
             Killed from afar by an orc wizard (8 damage)
             ... with a magic dart
             ... on level 2 of the Dungeon.
             The game lasted 00:03:58 (2178 turns).

night the Ruffian (Demonspawn Gladiator)            Turns: 2178, Time: 00:03:58

Health: -3/33      AC:  4    Str: 16    XL:     4   Next: 60%
Magic:  4/4        EV: 12    Int:  9    God:
Gold:   99         SH:  0    Dex: 14    Spells: 3/3 levels left

rFire    . . .     SeeInvis .     - Unarmed
rCold    . . .     Gourm    .   (no shield)
rNeg     . . .     Faith    .   a - +0 leather armour
rPois    .         Spirit   .   b - +0 helmet
rElec    .         Reflect  .   (no cloak)
rCorr    .         Harm     .   (no gloves)
MR       .....                  (no boots)
Stlth    +.........             (no amulet)
HPRegen  0.11/turn              (no ring)
MPRegen  0.09/turn              (no ring)

@: no status effects
A: rot immunity
a: no special abilities


You were on level 2 of the Dungeon.
You were not hungry.

You visited 1 branch of the dungeon, and saw 2 of its levels.

You collected 99 gold pieces.

Inventory:

Missiles
 c - 4 throwing nets (quivered)
 i - 20 stones
 k - 8 poisoned needles
Armour
 a - a +0 leather armour (worn)
 b - a +0 helmet (worn)
Scrolls
 e - 2 scrolls of identify {unknown}
Potions
 g - a potion of curing {unknown}
 h - 2 potions of agility {unknown}
 j - a potion of mutation {unknown}
Comestibles
 d - 6 rations
 f - 4 chunks of flesh


   Skills:
 - Level 2.0 Fighting
 - Level 1.7 Throwing
 - Level 2.6 Dodging
 + Level 4.9 Unarmed Combat


You had 3 spell levels left.
You didn't know any spells.
Your spell library was empty.

Dungeon Overview and Level Annotations

Branches:
Dungeon (2/15)

Altars:


Innate Abilities, Weirdness & Mutations

You are immune to rotting.


Message History

You closely miss the orc wizard.
The orc wizard is severely wounded.
The bat hits you but does no damage. The orc wizard barely misses you.
The orc wizard hits you but does no damage.
You miss the orc wizard.
The orc wizard is severely wounded.
The orc wizard miscasts a cantrip.
The bat hits you but does no damage.
You closely miss the orc wizard.
The orc wizard is severely wounded.
The bat closely misses you.
The orc wizard gestures wildly while chanting.
The orc wizard flickers and vanishes!
Deactivating autopickup; reactivate with Ctrl-A.
The bat completely misses you.
You hit something. The bat barely misses you.
You hear some strange, mumbled words.
A magic dart appears from out of thin air!
The magic dart hits you!
You die...

##.#.......# #..#.>.....# #.....#
#.##.......# #.....# .......^...#
#.....# ..##.......#####.....#
####...........#.....#
.............#.....#
###...........#{..%.############
###............)@....#...........
.....######....#.....#...........
.....# ########b###.....(.....
.....# .# #...... ###.##
.............


You could see a bat.

Vanquished Creatures
  An orc priest (D:2)
  3 adders (D:2)
  An ooze (D:1)
  3 worms (D:2)
  A dart slug (D:1)
  3 leopard geckos (D:2)
  An orc (D:2)
  A giant cockroach (D:1)
  4 goblins
  4 hobgoblins
  9 bats
  4 frilled lizards (D:2)
  2 kobolds (D:2)
  3 rats (D:1)
40 creatures vanquished.

Notes
Turn   | Place    | Note
-------+----------+-------------------------------------------
     0 | D:1      | night the Demonspawn Gladiator began the quest for the Orb.
     0 | D:1      | Reached XP level 1. HP: 16/16 MP: 1/1
   125 | D:1      | Reached skill level 3 in Unarmed Combat
   307 | D:1      | Gained mutation: You are immune to rotting. [demonic
                  | ancestry]
   307 | D:1      | Reached XP level 2. HP: 20/22 MP: 2/2
   924 | D:2      | Reached XP level 3. HP: 23/27 MP: 3/3
  1056 | D:2      | Reached skill level 4 in Unarmed Combat
  1694 | D:2      | Reached XP level 4. HP: 19/33 MP: 4/4
  2178 | D:2      | Killed from afar by an orc wizard

Skill      XL: |  1  2  3 |
---------------+----------+-----
Unarmed Combat | 3 4 |  4.9
Fighting       | |  2.0
Throwing       | |  1.7
Dodging        | |  2.6

Action                   |  1- 3 |  4- 6 || total
-------------------------+-------+-------++-------
Melee: Unarmed           |   176 |    52 ||   228
       Punch             |     3 |     1 ||     4
  Eat: Chunk             |     2 |     2 ||     4
Armor: Leather armour    |    66 |     8 ||    74
Dodge: Dodged            |   123 |    22 ||   145
